 Dungeon Crawl Stone Soup version 0.28-a0-1594-ga885d4b3d6 (webtiles) character file.

Game seed: 11341961072475636592

2841 kae the Ruffian (level 9, -7/133 HPs)
             Began as a White Draconian Transmuter on Jan 20, 2022.
             Was a Believer of Ru.
             Mangled by Maggie (18 damage)
             ... on level 8 of the Dungeon.
             The game lasted 00:04:33 (8484 turns).

kae the Ruffian (White Draconian Transmuter)        Turns: 8484, Time: 00:04:34

Health: -7/133     AC:  7    Str: 14    XL:     9   Next: 46%
Magic:  13/15      EV: 11    Int: 16    God:    Ru [**....]
Gold:   406        SH:  0    Dex: 12    Spells: 9/17 levels left

rFire   . . .      SeeInvis .     - Unarmed
rCold   + + +      Faith    .   (shield currently unavailable)
rNeg    . . .      Spirit   .   (armour unavailable)
rPois   +          Reflect  .   (helmet currently unavailable)
rElec   .          Harm     .   (cloak currently unavailable)
rCorr   .          Rampage  .   (gloves currently unavailable)
Will    .....                   (boots currently unavailable)
Stlth   ..........              (no amulet)
HPRegen 0.32/turn               g - ring of wizardry
MPRegen 0.14/turn               k - ring of protection from fire

@: berserking (expiring), ice-form, very quick
A: freezing attack, amphibious, boosted hp, (breathe frost), AC +7, large,
unfitting armour, (cold resistance 1), (cold-blooded), hated by all
a: End Transformation, Renounce Religion


You were on level 8 of the Dungeon.
You worshipped Ru.
Ru was pleased with you.
You were a creature of crystalline ice.
You visited 2 branches of the dungeon, and saw 9 of its levels.

You collected 406 gold pieces.

Inventory:

Jewellery
 g - a ring of wizardry (left front paw)
 k - a ring of protection from fire (right front paw)
 o - a ring of flight
Wands
 p - a wand of polymorph (20)
 u - a wand of charming (1)
 v - a wand of flame (10)
Scrolls
 d - a scroll of amnesia
 j - a scroll of teleportation
 m - a scroll of enchant armour
 s - 2 scrolls of enchant weapon
Potions
 a - 7 potions of curing
 b - 2 potions of might
 c - 3 potions of mutation
 e - a potion of brilliance
 f - 3 potions of ambrosia
 h - a potion of lignification
 i - 2 potions of berserk rage
 l - a potion of flight {unknown}
 q - a potion of heal wounds {unknown}
 r - a potion of haste {unknown}
 t - 2 potions of magic {unknown}


   Skills:
 + Level 5.1 Fighting
 + Level 4.4 Dodging
 * Level 7.2 Unarmed Combat
 + Level 4.5 Spellcasting
 * Level 6.7 Transmutations
 - Level 5.0 Ice Magic
 - Level 2.0 Poison Magic


You had 9 spell levels left.
You knew the following spells:

 Your Spells              Type           Power      Damage    Failure   Level
a - Beastly Appendage     Tmut           50%        N/A       1%          1
b - Spider Form           Tmut/Pois      17%        N/A       3%          3
c - Ice Form              Ice/Tmut       22%        N/A       6%          4

Your spell library contained the following spells:

 Spells                   Type           Power      Damage    Failure   Level
 Wereblood                Tmut           25%        N/A       1%          2
 Frozen Ramparts          Ice            38%        1d5       2%          3
 Ensorcelled Hibernation  Hex/Ice        22%        N/A       3%          2
 Slow                     Hex            12%        N/A       6%          1
 Confusing Touch          Hex            3%         N/A       19%         3
 Gell's Gravitas          Tloc           3%         N/A       19%         3
 Lesser Beckoning         Tloc           3%         N/A       19%         3
 Portal Projectile        Hex/Tloc       6%         N/A       19%         3
 Teleport Other           Tloc           3%         N/A       19%         3
 Vampiric Draining        Necr           3%         2d6       19%         3
 Hailstorm                Conj/Ice       11%        3d5       22%         4
 Yara's Violent Unravell  Hex/Tmut       7%         3d5       38%         5
 Leda's Liquefaction      Hex/Erth       1%         N/A       52%         4
 Passage of Golubria      Tloc           3%         N/A       52%         4
 Call Canine Familiar     Summ           Unusable   N/A       N/A         3
 Tukima's Dance           Hex            Unusable   N/A       N/A         3
 Summon Ice Beast         Ice/Summ       Unusable   N/A       N/A         4
 Simulacrum               Ice/Necr       Unusable   N/A       N/A         6

Dungeon Overview and Level Annotations

Branches:
Dungeon (8/15)             Temple (1/1) D:5
   Lair: D:8-11

Altars:
Ashenzari
Cheibriados
Dithmenos
Elyvilon
Fedhas
Gozag
Hepliaklqana
Kikubaaqudgha
Nemelex Xobeh
Okawaru
Qazlal
Ru
Sif Muna
Trog
Uskayaw
Vehumet
Wu Jian
Xom
Yredelemnul
Zin
The Shining One

Shops:
D:8 =

Portals:
Bailey: D:8

Annotations:
D:5 1 transporter, Hasart's ghost, novice OpTm
D:8 Maggie


Innate Abilities, Weirdness & Mutations

You are a creature of crystalline ice.
You have a powerful freezing melee attack.
You are amphibious.
Your maximum health is increased.
Your armour is entirely melded.
You are incapable of wielding weapons or throwing items.
((You can breathe waves of freezing cold which knock back foes.))
((Your icy white scales are hard. (AC +7)))
You cannot fit into any form of body armour.
((Your flesh is cold resistant. (rC+)))
((You are cold-blooded and may be slowed by cold attacks.))
You are hated by all.


Message History

The arrow hits you!
Unknown command.
You punch the goblin! You freeze the goblin.
You kill the goblin!
Maggie casts a spell at you.
The bolt of fire hits the goblin!!
The goblin dies!
The bolt of fire hits you!!
You pummel the goblin!! You freeze the goblin.
You kill the goblin!
The centaur shoots an arrow.
The arrow closely misses you.
Maggie hits you from afar with a +0 glaive of flaming!
Maggie melts you.
The centaur shoots an arrow.
The arrow hits you!
Unknown command.
The centaur shoots an arrow.
The arrow closely misses you.
The centaur shoots an arrow.
The arrow hits you.
The centaur shoots an arrow.
The arrow hits you!
* * * LOW HITPOINT WARNING * * *
You feel better.
Maggie gestures wildly while chanting.
Maggie attempts to bespell you! You resist with almost no effort.
The centaur shoots an arrow.
The arrow hits you!
* * * LOW HITPOINT WARNING * * *
The centaur shoots an arrow.
The arrow hits you!
* * * LOW HITPOINT WARNING * * *
The centaur shoots an arrow.
The arrow closely misses you.
It was a potion of berserk rage.
A red film seems to cover your vision as you go berserk!
You feel yourself moving faster!
You feel mighty!
You feel a strong urge to attack something.
The centaur shoots an arrow.
The arrow hits you!
* * * LOW HITPOINT WARNING * * *
The centaur unwields a +0 shortbow of freezing.
The centaur hits you.
* * * LOW HITPOINT WARNING * * *
The centaur barely misses you.
You punch the centaur! You freeze the centaur.
The centaur is heavily wounded.
Maggie hits you from afar with a +0 glaive of flaming!!
You die...

########## ........#
#.......#
#######!≈≈≈≈≈.######
........≈...≈.......
#.......≈.∩>≈.......
.....##.≈@(.≈.......
#....c≈≈≈≈≈.......
#..#.Y.............#
#...............#
#...............##
#...(..:..........
#...............#
###.............#
................##.
........∩..........
#########.......#


You could see Maggie (resistant) and a centaur.

Vanquished Creatures
  3 yaks (D:6)
  Eustachio (D:5)
  Menkaure (D:4)
  An ice beast (D:6)
  A hornet zombie (D:8)
  2 sky beasts
  A black bear (D:7)
  A necrophage (D:6)
  3 ogres
  2 phantoms (D:4)
  A gnoll sergeant (D:7)
  A wyvern zombie (D:7)
  2 scorpions
  A water moccasin skeleton (D:6)
  5 wights (D:7)
  A centaur zombie (D:5)
  A bullfrog zombie (D:5)
  4 hounds
  3 jellies
  3 centaur skeletons
  An iguana (D:4)
  Jessica (D:3)
  Ijyb (D:5)
  4 orc wizards
  5 gnolls (D:7)
  A howler monkey skeleton (D:6)
  4 adders
  A white imp (D:5)
  An ufetubus (D:5)
  An adder skeleton (D:4)
  4 worms
  3 dart slugs
  8 orcs
  8 ball pythons
  6 bats
  4 endoplasms
  2 giant cockroaches
  9 goblins
  3 hobgoblins
  7 kobolds
  2 quokkas
  3 frilled lizards
  12 rats
129 creatures vanquished.

Vanquished Creatures (others)
  A goblin (D:8)
1 creature vanquished.

Grand Total: 130 creatures vanquished

Notes
Turn   | Place    | Note
-------+----------+-------------------------------------------
     0 | D:1      | kae the Draconian Transmuter began the quest for the Orb.
     0 | D:1      | Reached XP level 1. HP: 16/16 MP: 3/3
   197 | D:1      | Reached XP level 2. HP: 23/23 MP: 3/5
   255 | D:1      | Found a faded altar of an unknown god.
  1042 | D:2      | Reached XP level 3. HP: 28/28 MP: 4/6
  1048 | D:1      | Learned a level 3 spell: Spider Form
  1776 | D:3      | Noticed Jessica
  1787 | D:3      | Killed Jessica
  1788 | D:3      | Reached skill level 1 in Poison Magic
  1788 | D:3      | Reached XP level 4. HP: 32/36 MP: 7/7
  2429 | D:4      | Noticed a phantom
  2646 | D:4      | Reached XP level 5. HP: 10/41 MP: 8/8
  2895 | D:4      | Learned a level 4 spell: Ice Form
  3013 | D:4      | Reached skill level 4 in Unarmed Combat
  3243 | D:4      | Killed a phantom
  3244 | D:4      | Reached skill level 1 in Ice Magic
  3244 | D:4      | Reached XP level 6. HP: 49/49 MP: 3/9
  3359 | D:4      | Noticed Menkaure
  3366 | D:4      | Killed Menkaure
  3733 | D:4      | Your scales start taking on an icy white colour.
  3733 | D:4      | Reached XP level 7. HP: 56/56 MP: 6/11
  3733 | D:4      | Gained mutation: Your flesh is cold resistant. (rC+) [White
                  | Draconian growth]
  4254 | D:5      | Entered Level 5 of the Dungeon
  4254 | D:5      | Found a transporter.
  4455 | D:5      | Reached skill level 5 in Unarmed Combat
  4471 | D:5      | Found a staircase to the Ecumenical Temple.
  4497 | Temple   | Entered the Ecumenical Temple
  4676 | Temple   | Became a worshipper of Ru the Awakened
  4752 | D:5      | Noticed Eustachio
  4773 | D:5      | Killed Eustachio
  5038 | D:5      | Noticed Hasart's ghost (novice OpTm)
  5068 | D:5      | Reached XP level 8. HP: 63/63 MP: 8/12
  5189 | D:5      | Noticed Ijyb
  5206 | D:5      | Killed Ijyb
  5365 | D:5      | Got the Almanac of the Glacier and Malediction
  5529 | D:5      | Reached skill level 5 in Transmutations
  6092 | D:6      | Reached skill level 6 in Unarmed Combat
  6092 | D:6      | Reached skill level 5 in Ice Magic
  6534 | D:6      | Reached XP level 9. HP: 72/72 MP: 10/15
  7221 | D:6      | Found an ancient bone altar of Kikubaaqudgha.
  7222 | D:6      | Found a sparkling altar of Nemelex Xobeh.
  7222 | D:6      | Found a white marble altar of Elyvilon.
  7222 | D:6      | Found a hazy altar of Hepliaklqana.
  7224 | D:6      | Found an ornate altar of the Wu Jian Council.
  7474 | D:7      | Gained mutation: You are hated by all. [Ru sacrifice]
  7474 | D:7      | Reached * piety under Ru
  7474 | D:7      | Reached ** piety under Ru
  7757 | D:7      | Reached skill level 7 in Unarmed Combat
  7762 | D:7      | Reached skill level 5 in Fighting
  8454 | D:8      | Found Vosaerch's Jewellery Shop.
  8466 | D:8      | Found a flagged portal.
  8467 | D:8      | Noticed Maggie
  8484 | D:8      | Mangled by Maggie

Illustrated notes

Levels and vault maps discovered:
D:1:      onia_arrival_pyramid, layout_basic,
          shapermc_ecumenical_altar_mp_highgroup
D:2:      layout_rooms
D:3:      layout_basic, minmay_close_crescents, uniq_jessica
D:4:      layout_basic, uniq_menkaure
D:5:      layout_loops_ring, minmay_temple_entry_wispy, gammafunk_ghost_smash,
          uniq_eustachio, uniq_ijyb
D:6:      layout_loops_ring, minitemple
D:7:      layout_basic
D:8:      cheibrodos_iron_armory, layout_basic, enter_bailey_5, serial_shops,
          shop, serial_park_tiny_1, kennysheep_opposing_triangles, uniq_grum,
          uniq_maggie, uniq_erica
Temple:   eino_temple_rhombus

Skill      XL: |  1  2  3  4  5  6  7  8  9 |
---------------+----------------------------+-----
Dodging        | 2 3 4 |  4.4
Poison Magic   | 1 2 |  2.0
Transmutations | 3 4 5 6 |  6.7
Fighting       | 2 3 4 5 |  5.1
Unarmed Combat | 4 5 6 7 |  7.2
Ice Magic      | 1 2 3 5 |  5.0
Spellcasting   | 3 4 |  4.5

Action                   |  1- 3 |  4- 6 |  7- 9 || total
-------------------------+-------+-------+-------++-------
Melee: Unarmed           |   126 |    83 |   214 ||   423
       Tailslap          |    14 |     2 |     3 ||    19
       Headbutt          |    13 |     3 |     6 ||    22
       Kick              |    13 |    11 |     3 ||    27
       Punch             |     1 |     2 |     1 ||     4
 Cast: Beastly Appendage |    25 |    14 |     3 ||    42
       Spider Form       |     2 |     5 |     3 ||    10
       Ice Form          |       |     4 |    26 ||    30
Invok: Sacrifice Love    |       |       |     1 ||     1
  Use: Scroll            |     7 |     3 |     7 ||    17
       Potion            |       |       |     2 ||     2
 Stab: Sleeping          |     1 |       |       ||     1
Armor: Skin              |    44 |    17 |    67 ||   128
Dodge: Dodged            |    95 |    62 |   142 ||   299

Table legend: (Time is in decaauts)
 A = Elapsed time spent in this place.
 B = Non-inter-level travel time spent in this place.
 C = Inter-level travel time spent in this place.
 D = Time resting spent in this place.
 E = Time spent auto-exploring this place.
 F = Levels seen in this place.
 G = Mean time per level.
                   A        B        C        D        E       F      G
               +--------+--------+--------+--------+--------+-----+--------+
         Total |   8447 |   8174 |    273 |    165 |   6923 |   9 |  938.6 |
       Dungeon |   8251 |   8026 |    225 |    165 |   6788 |   8 | 1031.4 |
        Temple |    195 |    148 |     47 |      0 |    135 |   1 |  195.0 |
               +--------+--------+--------+--------+--------+-----+--------+

Top non-repeatable levels by time:
     D:4: 1913 daAuts
     D:6: 1643 daAuts
     D:5: 1106 daAuts
     D:1: 1064 daAuts
     D:7: 838 daAuts
     D:3: 771 daAuts
     D:2: 622 daAuts
     D:8: 290 daAuts
  Temple: 195 daAuts
